 Dungeon Crawl Stone Soup version 0.31-a0-1206-g41278d8d1d (webtiles) character file.

Game seed: 2747210576075758082

83 gruber the Grave Robber (level 4, 0/30 HPs)
             Began as a Demonspawn Necromancer on Dec 13, 2023.
             Slain by Robin
             ... wielding a +1 heavy spear
              (11 damage)
             ... on level 2 of the Dungeon.
             The game lasted 00:01:53 (1896 turns).

gruber the Grave Robber (Demonspawn Necromancer)    Turns: 1896, Time: 00:01:54

Health: 0/30       AC:  2    Str:  9    XL:     4   Next: 22%
Magic:  0/7        EV: 12    Int: 17    God:
Gold:   61         SH:  0    Dex: 13    Spells: 6/7 levels left

rFire   . . .        g - +0 long sword
rCold   . . .        (no shield)
rNeg    . . .        a - +0 robe
rPois   .            (helmet restricted)
rElec   .            (no cloak)
rCorr   .            (no gloves)
SInv    .            (no boots)
Will    .....        (no amulet)
Stlth   ++           (no ring)
HPRegen 0.25/turn    (no ring)
MPRegen 0.10/turn

%: no passive effects
@: no status effects
A: antennae 1, powered by pain 1
a: no special abilities


You were on level 2 of the Dungeon.
You visited 1 branch of the dungeon, and saw 2 of its levels.

You collected 61 gold pieces.

Inventory:

Hand Weapons
 g - a +0 long sword (weapon)
Armour
 a - a +0 robe (worn)
Jewellery
 i - an amulet of guardian spirit
Scrolls
 c - 3 scrolls of identify {unknown}
 d - a scroll of fog {unknown}
 e - 2 scrolls of noise {unknown}
 f - a scroll of enchant armour {unknown}
Potions
 b - a potion of magic
 h - 2 potions of lignification {unknown}


   Skills:
 - Level 1.7 Dodging
 - Level 1.7 Stealth
 - Level 2.0 Spellcasting
 + Level 6.3 Necromancy


You had 6 spell levels left.
You knew the following spells:

 Your Spells              Type           Power      Damage    Failure   Level
a - Necrotise             Necr           92%        1d8       1%          1

Your spell library contained the following spells:

 Spells                   Type           Power      Damage    Failure   Level
 Vampiric Draining        Necr           23%        2d7       4%          3
 Animate Dead             Necr           23%        N/A       14%         4
 Ensorcelled Hibernation  Hex/Ice        2%         N/A       28%         2
 Passwall                 Tmut/Erth      0%         N/A       28%         2
 Agony                    Necr           23%        N/A       36%         5
 Swiftness                Air            1%         N/A       50%         3


Dungeon Overview and Level Annotations

Branches:
Dungeon (2/15)

Altars:

Annotations:
D:2 Robin


Innate Abilities, Weirdness & Mutations

You have a pair of small antennae on your head.
You sometimes gain a little power by taking damage.


Message History

Things that are here:
a +1 dagger of freezing; a +0 sling Your goblin skeleton completely misses Robin.
Robin writhes in agony!
Robin writhes in agony.
Robin writhes in agony.
Robin hits you from afar with a +1 heavy spear.
You are out of magic!
You are out of magic!
Robin hits you with a +1 heavy spear.
You hit Robin.
Robin is almost dead.
Robin closely misses you.
You closely miss Robin.
Robin is severely wounded.
Your goblin skeleton crumbles into dust!
Robin hits you with a +1 heavy spear.
You hit Robin but do no damage.
Robin is severely wounded.
Robin hits you with a +1 heavy spear.
You barely miss Robin.
Robin is severely wounded.
Robin hits you with a +1 heavy spear.
You barely miss Robin. Your punch misses Robin.
Robin is severely wounded.
Casting: Necrotise (safe; 1% risk of failure)
Confirm with . or Enter, or press ? or * to list all spells.
Aiming: Necrotise (safe; 1% risk of failure)
Press: ? - help, Shift-Dir - straight line, f/p - Robin
Aim: Robin, wielding a +1 heavy spear, wearing a +0 animal skin and wearing a +0 helmet (severely wounded, chance to affect: 87%) Robin barely resists.
Robin barely misses you.
Unknown command.
Unknown command.
Unknown command.
You closely miss Robin.
Robin is severely wounded.
Robin says, "Bow before me, strongest of all the hobgoblins!"
Robin hits you with a +1 heavy spear!
You die...
Robin lets out a smug laugh.

######.##.....# #..'.....#
####.....# #....%# ###########
#.....#
).........###########.....#
..)Z...........[........>.#
#########.#########.####'## #
#......g@...###..# ##
###################..###### .#
#.......)...................
.###....)..##......#.....######
..##.......##......'.....#
#.##...............#.....#
#..#...............#.....#
##.#.......#.......##...##
##.'.......#......#######


You could see Robin.

Vanquished Creatures
  2 adders (D:2)
  A worm (D:2)
  2 dart slugs
  5 ball pythons
  3 endoplasms
  2 giant cockroaches (D:1)
  2 hobgoblins
  4 jackals (D:2)
  2 kobolds
  A quokka (D:1)
  4 bats
  14 goblins
  3 rats (D:1)
45 creatures vanquished.

Vanquished Creatures (collateral kills)
  2 goblins
  A hobgoblin (D:1)
  A ball python (D:1)
  A rat (D:2)
5 creatures vanquished.

Vanquished Creatures (others)
  A goblin (D:2)
1 creature vanquished.

Grand Total: 51 creatures vanquished

Notes
Turn   | Place    | Note
-------+----------+-------------------------------------------
     0 | D:1      | gruber the Demonspawn Necromancer began the quest for the
                  | Orb.
     0 | D:1      | Reached XP level 1. HP: 13/13 MP: 3/3
   284 | D:1      | Gained mutation: You sometimes gain a little power by
                  | taking damage. [demonic ancestry]
   284 | D:1      | Reached XP level 2. HP: 13/19 MP: 0/5
   375 | D:1      | Reached skill level 5 in Necromancy
   936 | D:1      | Gained mutation: You have a pair of small antennae on your
                  | head. [demonic ancestry]
   936 | D:1      | Reached XP level 3. HP: 24/24 MP: 4/6
  1694 | D:2      | Reached skill level 6 in Necromancy
  1733 | D:2      | Reached XP level 4. HP: 30/30 MP: 3/7
  1835 | D:2      | Noticed Robin
  1896 | D:2      | Slain by Robin

Illustrated notes

Levels and vault maps discovered:
D:1:      dpeg_arrival_stonehenge_8_columns, layout_basic
D:2:      layout_basic, uniq_robin

Skill      XL: |  1  2  3 |
---------------+----------+-----
Necromancy     | 5 6 |  6.3
Dodging        | |  1.7
Stealth        | |  1.7
Spellcasting   | |  2.0

Action                     |  1- 3 |  4- 6 || total
---------------------------+-------+-------++-------
  Melee: Unarmed           |    19 |       ||    19
         Long sword        |     7 |    10 ||    17
         Punch             |       |     1 ||     1
   Cast: Necrotise         |    67 |    12 ||    79
 Armour: Robe              |    26 |    13 ||    39
  Dodge: Dodged            |    33 |     6 ||    39

Table legend: (Time is in decaauts)
 A = Elapsed time spent in this place.
 B = Non-inter-level travel time spent in this place.
 C = Inter-level travel time spent in this place.
 D = Time resting spent in this place.
 E = Time spent auto-exploring this place.
 F = Levels seen in this place.
 G = Mean time per level.
                   A        B        C        D        E       F      G
               +--------+--------+--------+--------+--------+-----+--------+
         Total |   1901 |   1879 |     22 |      0 |   1597 |   2 |  950.5 |
       Dungeon |   1901 |   1879 |     22 |      0 |   1597 |   2 |  950.5 |
               +--------+--------+--------+--------+--------+-----+--------+

Top non-repeatable levels by time:
     D:1: 1303 daAuts
     D:2: 598 daAuts
